 Dungeon Crawl Stone Soup version 0.30-a0-847-g17996783a1 (webtiles) character file.

Game seed: 449947584775557515

3 holysushi the Trooper (level 1, -2/18 HPs)
             Began as a Demonspawn Monk on Mar 3, 2023.
             Slain by a gnoll
             ... wielding a +0 flail
              (6 damage)
             ... on level 1 of the Dungeon.
             The game lasted 00:00:19 (226 turns).

holysushi the Trooper (Demonspawn Monk)              Turns: 226, Time: 00:00:20

Health: -2/18      AC:  2    Str: 11    XL:     1   Next: 41%
Magic:  1/1        EV: 12    Int: 11    God:
Gold:   15         SH:  0    Dex: 15    Spells: 0/0 levels left

rFire   . . .      SeeInvis .    a - +0 short sword
rCold   . . .      Faith    .    (no shield)
rNeg    . . .      Spirit   .    b - +0 robe
rPois   .          Reflect  .    (no helmet)
rElec   .          Rampage  .    (no cloak)
rCorr   .                        (no gloves)
Will    .....                    (no boots)
Stlth   ++                       (no amulet)
HPRegen 0.23/turn                (no ring)
MPRegen 0.07/turn                (no ring)

@: no status effects
A: no striking features
a: no special abilities


You were on level 1 of the Dungeon.
You visited 1 branch of the dungeon, and saw 1 of its levels.

You collected 15 gold pieces.

Inventory:

Hand Weapons
 a - a +0 short sword (weapon)
Armour
 b - a +0 robe (worn)
Potions
 c - a potion of ambrosia
 d - a potion of heal wounds {unknown}


   Skills:
 - Level 3.0 Fighting
 + Level 2.9 Short Blades
 - Level 2.6 Dodging
 - Level 1.7 Stealth


You couldn't memorise any spells.
You didn't know any spells.
Your spell library contained the following spells:

 Spells                   Type           Power      Damage    Failure   Level
 Kiss of Death            Conj/Necr      0%         2d5       34%         1
 Confusing Touch          Hex            0%         N/A       71%         3
 Dispel Undead            Necr           0%         3d6       98%         4


Dungeon Overview and Level Annotations

Branches:
Dungeon (1/15) Zot: 5774

Altars:


Message History

Found 15 gold pieces.
A goblin is nearby!
A goblin is nearby!
A goblin is nearby!
There is an open door here.
The goblin shouts!
The goblin hits you with a +0 club.
You hit the goblin.
You kill the goblin!
No target in view!
You see here a +0 club.
You now have 15 gold pieces.
You see here a +0 leather armour.
You see here 6 stones.
You see here 6 stones.
You see here a +0 leather armour.
There is an open door here.
Key pressed, stopping explore.
Found a dagger.
Found 5 large rocks.
A gnoll comes into view. It is wielding a +0 flail.
A gnoll is nearby!
A gnoll is nearby!
A gnoll is nearby!
Found a scroll labelled MAICVAUTWY.
You aren't carrying any items that you can evoke.
Unknown command.
Okay, then.
You swing at nothing.
You swing at nothing.
You swing at nothing.
You closely miss the gnoll. The gnoll hits you with a +0 flail.
You hit the gnoll.
The gnoll is moderately wounded.
The gnoll hits you with a +0 flail!
* * * LOW HITPOINT WARNING * * *
You hit the gnoll.
The gnoll is moderately wounded.
The gnoll hits you with a +0 flail.
You die...

# ##....# #
#...## .. ##
#...#####.. .#
##....#.... .###
##...##.#. ...##
#####....
....##### #....
........#
#....##########.
.......##
#..#.@g........?
#....)## #
#.)##.##.##....#
##...##
#.#..##.##.# .##
##'##
#.........(# #.#
####.#######
#.### #.#
##...#######.#
##............#
#.....#########


You could see a gnoll.

Vanquished Creatures
  A goblin (D:1)
  A quokka (D:1)
  A frilled lizard (D:1)
3 creatures vanquished.

Notes
Turn   | Place    | Note
-------+----------+-------------------------------------------
     0 | D:1      | holysushi the Demonspawn Monk began the quest for the Orb.
     0 | D:1      | Reached XP level 1. HP: 18/18 MP: 1/1
   226 | D:1      | Slain by a gnoll

Illustrated notes

Levels and vault maps discovered:
D:1:      dpeg_arrival_arbitrary_a, layout_loops_corners, nrook_mini_vaults,
          minivault_5

Action                     || total
---------------------------++-------
  Melee: Short sword       ||     9
  Dodge: Dodged            ||     2

Table legend: (Time is in decaauts)
 A = Elapsed time spent in this place.
 B = Non-inter-level travel time spent in this place.
 C = Inter-level travel time spent in this place.
 D = Time resting spent in this place.
 E = Time spent auto-exploring this place.
 F = Levels seen in this place.
 G = Mean time per level.
                   A        B        C        D        E       F      G
               +--------+--------+--------+--------+--------+-----+--------+
         Total |    224 |    224 |      0 |      4 |    185 |   1 |  224.0 |
       Dungeon |    224 |    224 |      0 |      4 |    185 |   1 |  224.0 |
               +--------+--------+--------+--------+--------+-----+--------+

Top non-repeatable levels by time:
     D:1: 224 daAuts
